 Dungeon Crawl Stone Soup version 0.26-a0-52-gd53d4cd058 (webtiles) character file.

Game seed: 6389680125313819163

452 PentaManta the Ducker (level 7, 0/46 HPs)
             Began as an Octopode Fighter on June 6, 2020.
             Was an Initiate of Qazlal.
             Slain by a crimson imp (1 damage)
             ... on level 5 of the Dungeon.
             The game lasted 00:06:50 (4600 turns).

PentaManta the Ducker (Octopode Fighter)            Turns: 4600, Time: 00:06:52

Health: 0/46       AC:  1    Str: 16    XL:     7   Next: 5%
Magic:  7/7        EV: 13    Int: 12    God:    Qazlal [......]
Gold:   183        SH:  9    Dex: 11    Spells: 6/6 levels left

rFire    . . .     SeeInvis .     - Unarmed
rCold    . . .     Gourm    .   a - +0 kite shield
rNeg     + . .     Faith    .   (helmet restricted)
rPois    .         Spirit   .   (no amulet)
rElec    .         Reflect  .   i - ring of positive energy
rCorr    .         Harm     .   (no ring)
MR       .....                  (no ring)
Stlth    ++........             (no ring)
HPRegen  0.15/turn              (no ring)
MPRegen  0.10/turn              (no ring)
                                (no ring)
                                (no ring)

@: no status effects
A: almost no armour, stealthy swim, amphibious, 8 rings, constrict 8, camouflage
1, gelatinous body 1
a: Renounce Religion


You were on level 5 of the Dungeon.
You worshipped Qazlal.
Qazlal was noncommittal.
You were hungry.

You visited 2 branches of the dungeon, and saw 6 of its levels.

You collected 183 gold pieces.

Inventory:

Hand Weapons
 t - a +0 hunting sling
Missiles
 u - 82 stones (quivered)
Armour
 a - a +0 kite shield (worn)
Jewellery
 i - a ring of positive energy (left tentacle)
 q - an uncursed ring of fire
Scrolls
 d - 2 scrolls of fog {unknown}
 e - 4 scrolls of remove curse {unknown}
 g - a scroll of noise {unknown}
 h - 2 scrolls of fear {unknown}
 j - 3 scrolls of enchant weapon {unknown}
 k - 5 scrolls of identify {unknown}
 l - a scroll of blinking {unknown}
 m - a scroll of magic mapping {unknown}
 n - 3 scrolls of teleportation {unknown}
Potions
 b - 3 potions of might
 f - 2 potions of lignification {unknown}
 o - a potion of heal wounds {unknown}
 p - 4 potions of curing {unknown}
 s - a potion of resistance {unknown}
Comestibles
 c - 12 rations


   Skills:
 - Level 3.0 Fighting
 * Level 5.8 Dodging
 + Level 4.6 Shields
 + Level 3.9 Unarmed Combat


You had 6 spell levels left.
You didn't know any spells.
Your spell library was empty.

Dungeon Overview and Level Annotations

Branches:
Dungeon (5/15)             Temple (1/1) D:4

Altars:
Ashenzari
Dithmenos
Elyvilon
Gozag
Kikubaaqudgha
Nemelex Xobeh
Qazlal
Trog
Uskayaw
Wu Jian
Xom
Yredelemnul
Zin

Annotations:
D:5 Prince Ribbit


Innate Abilities, Weirdness & Mutations

You cannot wear most types of armour.
You are very stealthy in the water. (Stealth+)
You are amphibious.
You can wear up to eight rings at the same time.
You can use your tentacles to constrict eight enemies at once.
Your skin changes colour to match your surroundings (Stealth+).
Your rubbery body absorbs attacks. (AC +1, EV +1)


Message History

The sky beast closely misses you. You block the crimson imp's attack.
The jackal barks!
You tentacle-slap the sky beast.
The sky beast is heavily wounded.
You hear a loud, deep croak!
You hear a shout!
You hear a bark!
Prince Ribbit comes into view.
The sky beast flickers out of sight!
Deactivating autopickup; reactivate with Ctrl-A.
Something hits you but does no damage. The crimson imp hits you.
* * * LOW HITPOINT WARNING * * *
You hear a shout!
You hear a shout! x4
The crimson imp closely misses you. Something hits you.
* * * LOW HITPOINT WARNING * * *
Something shocks you.
* * * LOW HITPOINT WARNING * * *
A shadow imp comes into view.
The crimson imp hits you.
You die...

..#.. #5#. # .#
##.. ..
>..####.F# ...
....#..# ..
.....#
#.####.#h####.###
#....#..5........
#<..@.....$...
##..##########
#..# #.## ...
#.#. .. .. ... #.


You could see Prince Ribbit, a crimson imp, a shadow imp (wandering) and a
jackal.

Vanquished Creatures
  Sigmund (D:3)
  Natasha (thrice) (D:3)
  A hound skeleton (D:4)
  3 gnolls
  8 adders
  A worm (D:3)
  3 dart slugs (D:1)
  3 leopard geckos
  5 orcs (D:3)
  A ball python (D:2)
  4 giant cockroaches
  6 goblins
  10 hobgoblins
  6 jackals
  2 quokkas
  9 bats
  5 frilled lizards
  13 kobolds
  A quokka skeleton (D:4)
  10 rats
95 creatures vanquished.

Notes
Turn   | Place    | Note
-------+----------+-------------------------------------------
     0 | D:1      | PentaManta the Octopode Fighter began the quest for the
                  | Orb.
     0 | D:1      | Reached XP level 1. HP: 16/16 MP: 1/1
   284 | D:1      | Reached XP level 2. HP: 20/21 MP: 2/2
   709 | D:1      | Reached XP level 3. HP: 25/26 MP: 3/3
  1359 | D:2      | Reached skill level 4 in Dodging
  1359 | D:2      | Reached XP level 4. HP: 24/31 MP: 4/4
  2198 | D:3      | Noticed Sigmund
  2209 | D:3      | Killed Sigmund
  2209 | D:3      | Reached skill level 5 in Dodging
  2209 | D:3      | Reached XP level 5. HP: 18/36 MP: 5/5
  2209 | D:3      | Reached XP level 6. HP: 21/42 MP: 6/6
  2544 | D:3      | Found a bloodstained altar of Trog.
  3041 | D:3      | Noticed Natasha
  3051 | D:3      | Killed Natasha
  3279 | D:3      | Noticed Natasha
  3355 | D:3      | Killed Natasha
  3798 | D:3      | Noticed Natasha
  3806 | D:3      | Killed Natasha
  4076 | D:4      | Reached XP level 7. HP: 43/46 MP: 7/7
  4285 | D:4      | Found a staircase to the Ecumenical Temple.
  4291 | Temple   | Entered the Ecumenical Temple
  4449 | Temple   | Became a worshipper of Qazlal Stormbringer
  4586 | D:5      | Entered Level 5 of the Dungeon
  4598 | D:5      | Noticed Prince Ribbit
  4600 | D:5      | HP: 1/46 [something (6)]
  4600 | D:5      | Slain by a crimson imp

Illustrated notes

Levels and vault maps discovered:
D:1:      grunt_arrival_crossed_arrows, layout_basic
D:2:      layout_loops_ring
D:3:      layout_loops_ring, lemuel_round_altar, uniq_natasha, uniq_sigmund
D:4:      layout_cave_pools, minmay_temple_entry_hall
D:5:      layout_rooms, demons_altar, old_standard_altar, marbit_many_paths,
          first_ration, uniq_prince_ribbit1, uniq_eustachio
Temple:   minmay_temple_bridge_abc

Skill      XL: |  1  2  3  4 |
---------------+-------------+-----
Dodging        | 4 5 |  5.8
Shields        | 4 |  4.6
Unarmed Combat | 3 |  3.9
Fighting       | |  3.0

Action                   |  1- 3 |  4- 6 |  7- 9 || total
-------------------------+-------+-------+-------++-------
Melee: Unarmed           |    81 |   126 |    21 ||   228
       Constrict         |    20 |    32 |     5 ||    57
       Tentacles         |    12 |    25 |     3 ||    40
       Dagger            |     6 |       |       ||     6
       Punch             |     3 |     4 |     1 ||     8
  Use: Potion            |       |     1 |       ||     1
 Stab: Sleeping          |     6 |    10 |       ||    16
  Eat: Chunk             |     1 |     9 |     1 ||    11
Armor: Skin              |     7 |     6 |     2 ||    15
Dodge: Dodged            |    40 |    53 |    13 ||   106
Block: Kite shield       |    24 |    44 |     8 ||    76

Table legend:
 A = Non-vault XP
 B = Vault XP
 C = Vault XP percentage of total XP
 D = Non-vault monster count
 E = Vault monster count
 F = Vault count percentage of total count
                 A         B        C        D         E       F
            +---------+---------+-------+---------+---------+-------
      Total |     381 |     266 |  41.1 |      93 |       2 |   2.1
            +---------+---------+-------+---------+---------+-------
        D:1 |      50 |       0 |   0.0 |      27 |       0 |   0.0
        D:2 |      76 |       0 |   0.0 |      20 |       0 |   0.0
        D:3 |     182 |     266 |  59.4 |      34 |       2 |   5.6
        D:4 |      73 |       0 |   0.0 |      12 |       0 |   0.0
            +---------+---------+-------+---------+---------+-------
